AoeStats
← Sigfrida

Four Lakes

510119377Analyzed
1v1 RM · 2d ago on Sep 29, 2026· 75m 0s· 2 players
Game mode
Random Map
Map size
Tiny (2 player)
Population
200
Speed
Normal
Resources
Standard
Victory
Conquest
Starting age
Dark Age
Ending age
Imperial Age
RankedLock teamsTeams togetherTeam positionsShared explorationLock speedFull tech treeHidden civsTurbo modeCheats
Victory
Defeat
🇺🇸 Inca · United States
607
+14
🇨🇱 Magyars · Chile
567
-14
Sigfrida
9:54 Loom
14:19 Feudal Age
16:33 Double-Bit Axe
22:06 Bloodlines
27:14 Castle Age
26:07 Gold Mining
28:09 Scale Barding Armor
29:28 Town Watch
31:04 Fishing Lines
34:29 Gillnets
34:45 Town Patrol
40:19 Imperial Age
38:59 Husbandry
39:30 Bow Saw
40:17 Murder Holes
42:15 Wheelbarrow
44:14 Chemistry
43:49 Cavalier
46:26 Gold Shaft Mining
46:21 Paladin
49:52 Two-Man Saw
50:55 Conscription
51:05 Hand Cart
50:44 Horse Collar
54:18 Light Cavalry
El que te Lo Mete
0:39 Loom
12:16 Feudal Age
13:40 Wheelbarrow
19:52 Castle Age
17:52 Horse Collar
18:35 Double-Bit Axe
20:36 Heavy Plow
23:26 Scale Mail Armor
30:39 Fishing Lines
31:13 Bow Saw
32:00 Forging
31:51 Scale Mail Armor
31:34 Champi Runner
32:16 Squires
32:38 Town Watch
36:12 Iron Casting
35:53 Chain Mail Armor
37:24 Gold Mining
37:42 Fletching
39:10 Hand Cart
42:12 Imperial Age
41:34 Gold Shaft Mining
41:00 Bodkin Arrow
42:09 Masonry
41:42 Treadmill Crane
44:06 Plate Mail Armor
44:37 Blast Furnace
43:00 Champi Warrior
45:17 Crop Rotation
46:37 Conscription
46:20 Fabric Shields
46:08 Capped Ram
47:27 Siege Ram
49:43 Siege Engineers
50:04 Elite Champi Warrior
52:49 Chemistry
51:12 Elite Kamayuk
54:13 Ballistics
60:32 Arson
60:49 Bracer
62:24 Redemption
67:23 Guilds
73:11 Spies/Treason
74:13 Guard Tower
74:09 Arrowslits
Connection lost

Rejoining the realm…

Still unreachable

The connection could not be restored.

Session expired

The server has moved on; the page needs a fresh start.